 Dungeon Crawl Stone Soup version 0.27-a0-124-g19cb506db8 (webtiles) character file.

Game seed: 4295483534091974118

1576 kae the Ruffian (level 8, -2/70 HPs)
             Began as a Grey Draconian Transmuter on Jan 26, 2021.
             Was an Initiate of Hepliaklqana.
             Slain by Harold
             ... wielding a +2 hand axe of freezing
              (11 damage)
             ... on level 7 of the Dungeon.
             The game lasted 00:04:05 (7732 turns).

kae the Ruffian (Grey Draconian Transmuter)         Turns: 7732, Time: 00:04:06

Health: -2/70      AC:  6    Str: 15    XL:     8   Next: 60%
Magic:  14/14      EV: 11    Int: 14    God:    Hepliaklqana [......]
Gold:   279        SH:  0    Dex: 11    Spells: 7/15 levels left

rFire    x x .     SeeInvis .     - Unarmed
rCold    + + +     Faith    .   (shield currently unavailable)
rNeg     . . .     Spirit   .   (armour unavailable)
rPois    +         Reflect  .   (helmet currently unavailable)
rElec    .         Harm     .   (cloak currently unavailable)
rCorr    .         Rampage  .   (gloves currently unavailable)
Will     .....                  (boots currently unavailable)
Stlth    +.........             p - amulet of magic regeneration
HPRegen  0.21/turn              c - ring of wizardry
MPRegen  0.39/turn              t - ring of ice

@: ice-form, marked
A: large, (walk through water), unfitting armour, reduced essence, AC +11
a: End Transformation, Renounce Religion, Recall Ancestor, Ancestor Identity


You were on level 7 of the Dungeon.
You worshipped Hepliaklqana.
Hepliaklqana was noncommittal.
You were a creature of crystalline ice.
You visited 2 branches of the dungeon, and saw 8 of its levels.

You collected 279 gold pieces.

Inventory:

Jewellery
 c - a ring of wizardry (left front paw)
 h - an uncursed ring of ice
 j - an uncursed ring of ice
 k - an uncursed ring of magical power
 p - an amulet of magic regeneration (around neck)
 t - a ring of ice (right front paw)
 x - an uncursed ring of positive energy
Wands
 n - a wand of digging (7)
 s - a wand of paralysis (19)
 y - a wand of acid (12)
Scrolls
 d - 4 scrolls of blinking
 e - 5 scrolls of identify
 i - 4 scrolls of enchant weapon
 l - 2 scrolls of amnesia
 o - 2 scrolls of enchant armour
 w - a scroll of teleportation
 z - a scroll of fear {unknown}
Potions
 a - 4 potions of haste
 b - a potion of mutation
 f - a potion of degeneration {unknown}
 g - 6 potions of curing
 m - 2 potions of berserk rage
 q - a potion of might
 r - a potion of flight {unknown}
 u - a potion of cancellation {unknown}
 v - a potion of invisibility


   Skills:
 + Level 4.2 Fighting
 + Level 3.9 Dodging
 * Level 6.3 Unarmed Combat
 + Level 4.0 Spellcasting
 + Level 4.2 Transmutations
 * Level 4.3 Ice Magic
 - Level 2.0 Poison Magic


You had 7 spell levels left.
You knew the following spells:

 Your Spells              Type           Power        Failure   Level
a - Beastly Appendage     Tmut           28%          1%          1
b - Spider Form           Tmut/Pois      5%           6%          3
c - Ice Form              Ice/Tmut       22%          13%         4

Your spell library contained the following spells:

 Spells                   Type           Power        Failure   Level
 Wereblood                Tmut           14%          1%          2
 Blade Hands              Tmut           7%           34%         5


Dungeon Overview and Level Annotations

Branches:
Dungeon (7/15)             Temple (1/1) D:6

Altars:
Ashenzari
Cheibriados
Dithmenos
Elyvilon
Fedhas
Gozag
Hepliaklqana
Kikubaaqudgha
Makhleb
Nemelex Xobeh
Okawaru
Qazlal
Sif Muna
Trog
Uskayaw
Wu Jian
Xom

Annotations:
D:7 Harold


Innate Abilities, Weirdness & Mutations

((You can walk through water.))
((Your dull iron-grey scales are very hard. (AC +11)))
You cannot fit into any form of body armour.
((You can survive without breathing.))
((You are cold-blooded and may be slowed by cold attacks.))
Your life essence is reduced to manifest your ancestor. (-10% HP)


Message History

You hit Harold. You freeze Harold.
Harold is heavily wounded.
Harold hits you with a +2 hand axe of freezing!
Harold freezes you.
You hit Harold. You freeze Harold.
Harold is severely wounded.
You swap places.
Harold throws a throwing net.
The throwing net closely misses Sunngifu.
The throwing net barely misses you.
You see here a hound corpse.
Something barely misses Sunngifu.
You see here a jackal corpse.
You start resting.
Something hits Sunngifu!
Something freezes Sunngifu.
Harold is nearby!
You swap places.
Harold hits you with a +2 hand axe of freezing!
* * * LOW HITPOINT WARNING * * *
You see here a jackal corpse.
Harold hits you with a +2 hand axe of freezing!
You die...

.########..####
.#............#
.#.######..#### ##.#
#..### ### . ...# #....#
#.# #..
...#######.#.###.# ...
.................# ..#
...#######.#.##(.##...#..
...##### #.#.##.Y@†......
...#...###.#.###R#.#..#.#
.)##.......#.# #.#.# #
..)).....###.# #.#.#
.####.##.# #.# #.#.#
.......#.# #.# #....
.####..#.# #.# ###.# .#
#...#.###.# .# .#
#.#.......#


You could see the friendly Sunngifu the ancestor and Harold.

Vanquished Creatures
  Grinder (D:6)
  Sigmund (D:3)
  Menkaure (D:5)
  A phantom (D:5)
  A sky beast (D:7)
  An ogre (D:4)
  A big kobold (D:4)
  2 bullfrogs
  A howler monkey (D:5)
  An iguana (D:4)
  2 orc priests
  3 hounds
  4 orc wizards
  A worker ant (D:5)
  A killer bee zombie (D:6)
  6 adders
  4 gnolls (D:5)
  2 ufetubi
  2 oozes
  2 adder skeletons (D:5)
  An adder zombie (D:7)
  2 worms
  2 dart slugs (D:3)
  4 leopard geckos
  13 orcs
  5 bats
  A giant cockroach (D:3)
  9 goblins
  5 hobgoblins
  2 jackals (D:7)
  9 kobolds
  2 quokkas
  A ball python (D:2)
  3 frilled lizards
  8 rats
105 creatures vanquished.

Vanquished Creatures (collateral kills)
  A hound (D:7)
  An orc (D:7)
  A jackal (D:7)
3 creatures vanquished.

Grand Total: 108 creatures vanquished

Notes
Turn   | Place    | Note
-------+----------+-------------------------------------------
     0 | D:1      | kae the Draconian Transmuter began the quest for the Orb.
     0 | D:1      | Reached XP level 1. HP: 16/16 MP: 3/3
   190 | D:1      | Reached XP level 2. HP: 23/23 MP: 3/5
  1446 | D:2      | Found a faded altar of an unknown god.
  1760 | D:2      | Reached XP level 3. HP: 28/28 MP: 4/6
  1764 | D:2      | Learned a level 3 spell: Spider Form
  2521 | D:3      | Found an iron altar of Okawaru.
  2655 | D:3      | Noticed Sigmund
  2873 | D:3      | Killed Sigmund
  2874 | D:3      | Reached skill level 4 in Unarmed Combat
  2874 | D:3      | Reached XP level 4. HP: 37/37 MP: 4/7
  2874 | D:3      | Reached XP level 5. HP: 42/42 MP: 4/8
  3069 | D:3      | Learned a level 4 spell: Ice Form
  3627 | D:3      | Reached XP level 6. HP: 50/50 MP: 10/10
  4028 | D:4      | Reached skill level 1 in Ice Magic
  4082 | D:4      | You fall into a shaft and drop 1 floor!
  4082 | D:5      | Entered Level 5 of the Dungeon
  4321 | D:4      | Your scales start taking on a dull iron-grey colour.
  4321 | D:4      | Reached XP level 7. HP: 48/57 MP: 9/11
  4321 | D:4      | Gained mutation: You can survive without breathing. [Grey
                  | Draconian growth]
  4328 | D:4      | Reached skill level 5 in Unarmed Combat
  5258 | D:5      | Noticed Menkaure
  5268 | D:5      | Killed Menkaure
  6486 | D:6      | Reached XP level 8. HP: 55/64 MP: 11/13
  6607 | D:6      | Noticed Grinder
  6622 | D:6      | Killed Grinder
  6800 | D:6      | Reached skill level 6 in Unarmed Combat
  6835 | D:6      | Found a staircase to the Ecumenical Temple.
  6892 | Temple   | Entered the Ecumenical Temple
  6997 | Temple   | Became a worshipper of Hepliaklqana the Forgotten
  7715 | D:7      | Noticed Harold
  7732 | D:7      | Slain by Harold

Illustrated notes

Levels and vault maps discovered:
D:1:      dpeg_arrival_shrine, layout_basic
D:2:      layout_basic, chequers_ecumenical_altar_simple_redux
D:3:      layout_basic, marbit_many_paths, hex_intersection,
          columned_hall_lemuel, kennysheep_generic_room_2, uniq_sigmund
D:4:      layout_basic, minmay_misc_feat_diagonals,
          chequers_serial_rivers_room_b
D:5:      layout_layer_cave, uniq_menkaure
D:6:      layout_loops_ring, minmay_temple_entry_fiery, minmay_quadrilaterals,
          uniq_grinder
D:7:      layout_loops_ring, nicolae_overflow_hidden_temple,
          grunt_temple_overflow_diamond, uniq_crazy_yiuf_cottage, uniq_harold,
          uniq_joseph
Temple:   lightli_temple_of_artemis

Skill      XL: |  1  2  3  4  5  6  7  8 |
---------------+-------------------------+-----
Dodging        | 2 3 |  3.9
Fighting       | 2 3 4 |  4.2
Unarmed Combat | 4 5 6 |  6.3
Poison Magic   | 2 |  2.0
Transmutations | 3 4 |  4.2
Ice Magic      | 1 3 4 |  4.3
Spellcasting   | 3 4 |  4.0

Action                   |  1- 3 |  4- 6 |  7- 9 || total
-------------------------+-------+-------+-------++-------
Melee: Unarmed           |   103 |    93 |   125 ||   321
       Kick              |    13 |     5 |       ||    18
       Tailslap          |    11 |     6 |     2 ||    19
       Punch             |     1 |       |       ||     1
       Headbutt          |     9 |     4 |       ||    13
 Cast: Beastly Appendage |    30 |    11 |       ||    41
       Spider Form       |     1 |     8 |    10 ||    19
       Ice Form          |       |       |    11 ||    11
Invok: Recall Ancestor   |       |       |     1 ||     1
  Use: Scroll            |     8 |     3 |     3 ||    14
       Potion            |       |     1 |     1 ||     2
 Stab: Sleeping          |     1 |       |       ||     1
Armor: Skin              |    29 |    16 |    27 ||    72
Dodge: Dodged            |    68 |    75 |    82 ||   225

Table legend: (Time is in decaauts)
 A = Elapsed time spent in this place.
 B = Non-inter-level travel time spent in this place.
 C = Inter-level travel time spent in this place.
 D = Time resting spent in this place.
 E = Time spent auto-exploring this place.
 F = Levels seen in this place.
 G = Mean time per level.
                   A        B        C        D        E       F      G
               +--------+--------+--------+--------+--------+-----+--------+
         Total |   7701 |   7537 |    164 |    912 |   5778 |   8 |  962.6 |
       Dungeon |   7578 |   7430 |    148 |    912 |   5680 |   7 | 1082.6 |
        Temple |    122 |    106 |     16 |      0 |     98 |   1 |  122.0 |
               +--------+--------+--------+--------+--------+-----+--------+

Top non-repeatable levels by time:
     D:2: 1438 daAuts
     D:3: 1369 daAuts
     D:1: 1169 daAuts
     D:5: 1111 daAuts
     D:4: 1032 daAuts
     D:6: 961 daAuts
     D:7: 495 daAuts
  Temple: 122 daAuts
